 Dungeon Crawl Stone Soup version 0.19-a0-934-gf1df8d1 (webtiles) character file.

171 ololoev the Firebug (level 5, -5/39 HPs)
             Began as a Formicid Fire Elementalist on July 7, 2016.
             Slain by tstbtto's ghost (6 damage)
             ... on level 4 of the Dungeon.
             The game lasted 00:07:24 (3251 turns).

ololoev the Firebug (Formicid Fire Elementalist)    Turns: 3251, Time: 00:07:25

Health: -5/39      AC:  4    Str: 14    XL:     5   Next: 81%
Magic:  1/17       EV: 17    Int: 14    God:
Gold:   125        SH:  0    Dex: 16    Spells: 2 memorised, 4 levels left

rFire  . . .     SeeInvis +     e - +0 club (curse)
rCold  . . .     Gourm    .     a - +0 robe
rNeg   . . .     Faith    .     (no shield)
rPois  .         Spirit   .     (helmet unavailable)
rElec  .         Dismiss  .     (no cloak)
rCorr  .         Reflect  .     k - +1 pair of gloves
SustAt .         Harm     .     (no boots)
MR     .....                    o - amulet of magic regeneration
Stlth  +++.......               (no ring)
                                g - ring of magical power

@: agile, very slightly contaminated, not resistant to hostile enchantments,
fairly stealthy
A: permanent stasis, dig shafts and tunnels, four strong arms, antennae 3
a: Dig, Shaft Self


Innate Abilities, Weirdness & Mutations

You are under a permanent stasis effect.
You can dig through walls and to a lower floor.
Your four strong arms can wield two-handed weapons with a shield.
You have a pair of large antennae on your head. (SInv)

Inventory:

Hand Weapons
 e - a cursed +0 club (weapon)
Armour
 a - a +0 robe (worn)
 k - a +1 pair of gloves (worn)
Jewellery
 g - a ring of magical power (left hand)
 o - an amulet of magic regeneration (around neck)
Scrolls
 d - a scroll of immolation {unknown}
 h - 2 scrolls of recharging {unknown}
 i - a scroll of blinking {unknown}
 m - a scroll of remove curse {unknown}
 n - 4 scrolls of identify {unknown}
Potions
 b - a potion of curing {unknown}
 p - a potion of haste {unknown}
 s - a potion of mutation {unknown}
Comestibles
 c - 5 bread rations
 f - 2 meat rations
 j - a royal jelly
 l - 2 slices of pizza
 r - a chunk of flesh


   Skills:
 + Level 2.5 Fighting
 * Level 2.7 Maces & Flails
 + Level 2.1 Armour
 - Level 1.7 Dodging
 - Level 2.4 Stealth
 + Level 2.3 Spellcasting
 * Level 1.9 Conjurations
 + Level 3.1 Fire Magic


You had 4 spell levels left.
You knew the following spells:

 Your Spells              Type           Power        Failure   Level  Hunger
a - Flame Tongue          Conj/Fire      #....        10%         1    #......
b - Conjure Flame         Conj/Fire      #.......     24%         3    ###....


You were on level 4 of the Dungeon.
You were near starving.

You visited 1 branch of the dungeon, and saw 4 of its levels.

You collected 125 gold pieces.

##..#....####
##..####....####
.#..# #####...#
....# ##.##..#
....# ##...## #
....# ##.....##
....# #.......##
รท...#
#......W.# {
....# #.......@#
{ .#.##
#........# {{
##.# #........#
#.# ##.......#
#.# #.......# .#
#.......#
##......# {{
##.....#

Notes
Turn   | Place    | Note
-------+----------+-------------------------------------------
     0 | D:1      | ololoev the Formicid Fire Elementalist began the quest for the Orb.
     0 | D:1      | Reached XP level 1. HP: 13/13 MP: 3/3
   306 | D:1      | Reached skill level 1 in Fighting
   306 | D:1      | Reached XP level 2. HP: 21/21 MP: 3/5
   307 | D:1      | Reached skill level 1 in Armour
   859 | D:1      | Reached XP level 3. HP: 25/27 MP: 6/6
   866 | D:1      | Reached skill level 1 in Maces & Flails
  1401 | D:2      | Found a radiant altar of Vehumet.
  1426 | D:2      | Reached XP level 4. HP: 33/33 MP: 7/7
  1568 | D:2      | Learned a level 3 spell: Conjure Flame
  1952 | D:2      | Reached skill level 1 in Conjurations
  2010 | D:3      | Reached XP level 5. HP: 15/38 MP: 8/8
  3198 | D:4      | Noticed tstbtto's ghost (amateur HEFi)
  3250 | D:4      | HP: 1/39 [tstbtto's ghost (9)]
  3251 | D:4      | Slain by tstbtto's ghost

Dungeon Overview and Level Annotations

Branches:
Dungeon (4/15)
 Temple: D:4-7

Altars:
Vehumet

Annotations:
D:4 tstbtto's ghost, amateur HEFi


Message History

Press: ? - help, Shift-Dir - straight line, f/p - tstbtto's ghost
Aim: tstbtto's ghost (moderately damaged)
The flame tongue hits tstbtto's ghost.
Tstbtto's ghost is heavily damaged.
Casting: Flame Tongue
Confirm with . or Enter, or press ? or * to list all spells.
Aiming: Flame Tongue
Press: ? - help, Shift-Dir - straight line, f/p - tstbtto's ghost
Aim: tstbtto's ghost (heavily damaged)
The flame tongue hits tstbtto's ghost.
Tstbtto's ghost is heavily damaged.
Casting: Flame Tongue
Confirm with . or Enter, or press ? or * to list all spells.
Aiming: Flame Tongue
Press: ? - help, Shift-Dir - straight line, f/p - tstbtto's ghost
Aim: tstbtto's ghost (heavily damaged)
The flame tongue hits tstbtto's ghost.
Tstbtto's ghost appears unharmed.
Tstbtto's ghost is heavily damaged.
Casting: Flame Tongue
Confirm with . or Enter, or press ? or * to list all spells.
Aiming: Flame Tongue
Press: ? - help, Shift-Dir - straight line, f/p - tstbtto's ghost
Aim: tstbtto's ghost (heavily damaged)
The flame tongue hits tstbtto's ghost.
Tstbtto's ghost is severely damaged.
There is a stone staircase leading up here.
Casting: Flame Tongue
Confirm with . or Enter, or press ? or * to list all spells.
Aiming: Flame Tongue
Press: ? - help, Shift-Dir - straight line, f/p - tstbtto's ghost
Aim: tstbtto's ghost (severely damaged)
The flame tongue hits tstbtto's ghost.
Tstbtto's ghost is severely damaged.
Casting: Flame Tongue
Confirm with . or Enter, or press ? or * to list all spells.
Aiming: Flame Tongue
Press: ? - help, Shift-Dir - straight line, f/p - tstbtto's ghost
Aim: tstbtto's ghost (severely damaged)
The flame tongue hits tstbtto's ghost.
Tstbtto's ghost appears unharmed.
Tstbtto's ghost is severely damaged.
Casting: Flame Tongue
Confirm with . or Enter, or press ? or * to list all spells.
Aiming: Flame Tongue
Press: ? - help, Shift-Dir - straight line, f/p - tstbtto's ghost
Aim: tstbtto's ghost (severely damaged)
The flame tongue hits tstbtto's ghost.
Tstbtto's ghost appears unharmed.
Tstbtto's ghost is severely damaged.
Tstbtto's ghost barely misses you.
You hit tstbtto's ghost but do no damage.
Tstbtto's ghost is severely damaged.
Tstbtto's ghost closely misses you.
You closely miss tstbtto's ghost.
Tstbtto's ghost is severely damaged.
Tstbtto's ghost hits you.
Casting: Flame Tongue
Confirm with . or Enter, or press ? or * to list all spells.
Aiming: Flame Tongue
Press: ? - help, Shift-Dir - straight line, f/p - tstbtto's ghost
Aim: tstbtto's ghost (severely damaged)
The flame tongue misses tstbtto's ghost.
Tstbtto's ghost hits you!
You hit tstbtto's ghost.
Tstbtto's ghost is severely damaged.
Tstbtto's ghost hits you.
You hit tstbtto's ghost but do no damage.
Tstbtto's ghost is severely damaged.
Tstbtto's ghost hits you! Tstbtto's ghost closely misses you.
Casting: Flame Tongue
Confirm with . or Enter, or press ? or * to list all spells.
Aiming: Flame Tongue
Press: ? - help, Shift-Dir - straight line, f/p - tstbtto's ghost
Aim: tstbtto's ghost (severely damaged)
You miscast Flame Tongue.
Nothing appears to happen.
Tstbtto's ghost shouts, "I have seen your future, and it is all used up."
Tstbtto's ghost hits you!
Okay, then.
It was a potion of agility.
You feel agile all of a sudden. Tstbtto's ghost hits you.
You die...

You could see tstbtto's ghost.

Vanquished Creatures
  10 adders
  An ooze (D:1)
  A worm (D:3)
  2 dart slugs (D:1)
  A giant gecko (D:3)
  6 orcs (D:3)
  3 bats
  3 giant cockroaches
  12 hobgoblins
  4 quokkas
  5 giant newts
  6 goblins
  7 kobolds
  4 rats
65 creatures vanquished.

Vanquished Creatures (others)
  5 toadstools (D:1)
5 creatures vanquished.

Grand Total: 70 creatures vanquished

Action                   |  1- 3 |  4- 6 || total
-------------------------+-------+-------++-------
Melee: Club              |     3 |     5 ||     8
 Cast: Flame Tongue      |    60 |   108 ||   168
       Conjure Flame     |       |     3 ||     3
  Use: Potion            |       |     1 ||     1
  Eat: Chunk             |     3 |     6 ||     9
Armor: Robe              |     4 |     3 ||     7
Dodge: Dodged            |    21 |    38 ||    59

Vault maps used:
D:1:      ldierk_walled_garden
D:2:      lemuel_coloured_pillars_altar
D:3:      nicolae_underground_beach
D:4:      kennysheep_mini_moat, first_bread, serial_bayou_ford_a,
          lexackson_kobold_supper
